 Dungeon Crawl Stone Soup version 0.30-a0-219-gf2db51d15e (webtiles) character file.

Game seed: 6278240729480609615

15035 Ijustatesigmund the Fighter (level 12, -3/81 HPs)
             Began as a Gargoyle Fighter on Oct 6, 2022.
             Was an Elder of the Shining One.
             Slain by a death knight
             ... wielding a +1 vorpal halberd
              (5 damage)
             ... on level 11 of the Dungeon.
             The game lasted 00:22:24 (11260 turns).

Ijustatesigmund the Fighter (Gargoyle Fighter)     Turns: 11260, Time: 00:22:25

Health: -3/81      AC: 30    Str: 24    XL:     12   Next: 22%
Magic:  18/18      EV: 12    Int: 10    God:    the Shining One [****..]
Gold:   609        SH:  6    Dex:  9    Spells: 11/11 levels left

rFire   . . .      SeeInvis .    a - +1 flail (protect)
rCold   . . .      Faith    .    c - +1 buckler
rNeg    + + +      Spirit   .    b - +0 troll leather armour
rPois   ∞          Reflect  .    n - +1 helmet
rElec   +          Harm     .    z - +1 cloak
rCorr   +          Rampage  .    v - +1 pair of gloves
Will    +....                    E - +1 pair of boots
Stlth   +.........               B - amulet of the acrobat
HPRegen 1.13/turn                h - ring of willpower
MPRegen 0.16/turn                s - ring of resist corrosion

@: under a protective aura, hasted, glowing, very quick
A: sickness immunity, AC +8, negative energy resistance 1, electricity
resistance, torment resistance 1, petrification resistance
a: Renounce Religion, Divine Shield, Cleansing Flame


You were on level 11 of the Dungeon.
You worshipped the Shining One.
The Shining One was greatly pleased with you.
You visited 2 branches of the dungeon, and saw 12 of its levels.
You also visited: Ossuary and Bailey.

You collected 609 gold pieces.

Inventory:

Hand Weapons
 a - a +1 flail of protection (weapon)
 I - a -1 demon whip of venom
Armour
 b - a +0 troll leather armour (worn)
 c - a +1 buckler (worn)
 n - a +1 helmet (worn)
 v - a +1 pair of gloves (worn)
 z - a +1 cloak (worn)
 E - a +1 pair of boots (worn)
Jewellery
 h - a ring of willpower (left hand)
 i - a +4 ring of evasion
 s - a ring of resist corrosion (right hand)
 B - an amulet of the acrobat (around neck)
 J - an amulet of faith
 L - the amulet of Elemental Vulnerability {rPois rF-- rC-- AC+8}
   (You found it on level 11 of the Dungeon)

   [amulet of nothing]

   AC:        It affects your AC (+8).
   rF:        It makes you very vulnerable to fire.
   rC:        It makes you very vulnerable to cold.
   rPois:     It protects you from poison.
Wands
 r - a wand of polymorph (5)
 w - a wand of charming (4)
 D - a wand of digging (8)
Scrolls
 j - 2 scrolls of identify
 k - a scroll of butterflies
 l - 2 scrolls of magic mapping
 m - 6 scrolls of teleportation
 q - 3 scrolls of fear
 u - a scroll of amnesia
 y - 3 scrolls of poison
 A - 2 scrolls of blinking
 G - 2 scrolls of silence
Potions
 d - 2 potions of might
 e - a potion of haste
 f - 5 potions of heal wounds
 g - 10 potions of curing
 p - a potion of lignification
 t - 3 potions of mutation
 x - 2 potions of attraction
 C - 5 potions of flight
 H - 3 potions of magic
 K - 3 potions of brilliance


   Skills:
 + Level 11.9 Fighting
 + Level 10.7 Maces & Flails
 - Level 8.0 Armour
 + Level 4.1 Dodging
 - Level 5.4 Shields
 + Level 8.8 Invocations
 - Level 3.1 Evocations


You had 11 spell levels left.
You didn't know any spells.
Your spell library contained the following spells:

 Spells                   Type           Power      Damage    Failure   Level
 Kiss of Death            Conj/Necr      0%         2d5       50%         1
 Necrotise                Necr           0%         1d4       50%         1
 Confusing Touch          Hex            0%         N/A       86%         3
 Gell's Gravitas          Tloc           0%         N/A       86%         3
 Hailstorm                Conj/Ice       0%         3d3       86%         3
 Kindle Blastsparks       Fire/Tloc/Air  0%         2d10      86%         3
 Teleport Other           Tloc           0%         N/A       86%         3
 Vampiric Draining        Necr           0%         2d6       86%         3
 Dispel Undead            Necr           0%         3d6       99%         4
 Fulminant Prism          Conj/Hex       0%         3d6       99%         4
 Ice Form                 Ice/Tmut       0%         N/A       99%         4
 Iskenderun's Mystic Bla  Conj/Tloc      0%         2d3       99%         4
 Manifold Assault         Tloc           0%         N/A       99%         4
 Agony                    Necr           0%         N/A       100%        5
 Lee's Rapid Deconstruct  Erth           0%         3d5*      100%        5
 Dispersal                Tloc           0%         N/A       100%        6
 Simulacrum               Ice/Necr       0%         N/A       100%        6
 Disjunction              Tloc           0%         N/A       100%        8


Dungeon Overview and Level Annotations

Branches:
Dungeon (11/15)            Temple (1/1) D:7            Lair (0/5) D:10
Ossuary (visited)          Bailey (visited)
    Orc: D:9-12

Altars:
Cheibriados
Dithmenos
Fedhas
Gozag
Hepliaklqana
Kikubaaqudgha
Makhleb
Nemelex Xobeh
Okawaru
Qazlal
Ru
Sif Muna
Trog
Uskayaw
Wu Jian
Xom
Yredelemnul
Zin
The Shining One

Shops:
D:8 :

Annotations:
D:5 2 transporters, Menkaure


Innate Abilities, Weirdness & Mutations

You are immune to sickness and miasma.
Your stone body is resilient. (AC +8)
You are immune to poison.
You resist negative energy. (rN+)
You are resistant to electric shocks. (rElec)
You are resistant to unholy torment.
You are immune to petrification.


Message History

The death knight is moderately wounded.
The death knight barely misses you.
You sock the death knight!
The death knight is heavily wounded.
The death knight hits you with a +1 vorpal halberd!
You hit the death knight but do no damage.
The death knight is heavily wounded.
You hit the death knight but do no damage.
The death knight is heavily wounded.
The death knight completely misses you.
You barely miss the death knight.
The death knight is moderately wounded.
You block the death knight's attack.
You hit the death knight but do no damage.
The death knight is moderately wounded.
The death knight hits you with a +1 vorpal halberd!!
You hit the death knight but do no damage.
The death knight is moderately wounded.
You block the death knight's attack.
Throw: throwing net
Press: ? - help, Q - select action, (/) - cycle Shift-Dir - straight line, f/p - death knight
Aim: a death knight, wielding a +1 vorpal halberd and wearing a +0 plate armour (moderately wounded, haloed, 82% to hit)
You throw a throwing net.
The throwing net barely misses the death knight.
The death knight hits you but does no damage.
Okay, then.
You hit the death knight but do no damage.
The death knight is moderately wounded.
The death knight hits you with a +1 vorpal halberd!!
You hit the death knight but do no damage.
The death knight is moderately wounded.
The death knight hits you with a +1 vorpal halberd!
* * * LOW HITPOINT WARNING * * *
x2 You hit the death knight but do no damage.
The death knight is moderately wounded.
The death knight hits you but does no damage.
You feel yourself speed up.
The death knight hits you with a +1 vorpal halberd!!
* * * LOW HITPOINT WARNING * * *
You die...

###.#...............#
.........########...#
###.#.....#
#####.####
###.##...##
#...)....# ....###.##
#.###.##.# ##### #.#
#p# #....# #.# #<#
####.# ##+##
#.######.# ##...##
#(p@.....# ##.....##
########.#
##....<..## .#
###.........#
..'.........+
###.........#
##.......## ##.....##
##...##


You could see a death knight.

Vanquished Creatures
  Erolcha (D:9)
  2 vault guards (Bailey)
  Amaemon (D:9)
  A skeletal warrior (D:11)
  An orange crystal statue (D:9)
  A manticore (D:10)
  An orange demon (D:9)
  Maggie (D:6)
  A komodo dragon (D:10)
  Psyche (D:9)
  2 freezing wraiths
  2 trolls
  Prince Ribbit (Bailey)
  A hornet (D:9)
  11 yaks (D:10)
  A wraith (D:10)
  11 humans
  3 steam dragons
  Grum (D:9)
  6 vampire mosquitoes (D:11)
  An acid dragon (D:9)
  2 orc warriors
  4 wolves (D:9)
  3 ogres
  4 centaurs
  2 kobold brigands (D:6)
  14 bullfrogs
  A gnoll sergeant (D:9)
  A scorpion (D:5)
  5 water moccasin zombies (Ossuary)
  6 wights (D:8)
  11 killer bees
  4 howler monkeys
  2 orc priests
  A hound (D:6)
  4 jellies
  Jessica (D:2)
  Terence (D:3)
  4 iguanas
  7 orc wizards
  2 mummies (Ossuary)
  12 gnolls
  4 adders
  3 shadow imps
  2 white imps
  3 adder zombies (Ossuary)
  3 worms
  4 dart slugs
  32 orcs
  3 ball pythons (D:1)
  6 endoplasms
  3 giant cockroaches
  9 goblins
  8 hobgoblins
  4 jackals (D:1)
  15 kobolds
  A quokka (D:2)
  3 bats
  2 frilled lizards
  6 gnoll zombies (Ossuary)
  4 hobgoblin zombies (Ossuary)
  4 kobold zombies (Ossuary)
  5 orc zombies (Ossuary)
  4 rats
270 creatures vanquished.

Vanquished Creatures (others)
  A troll (D:11)
  An orc priest (D:9)
  2 orc wizards
  2 gnolls (D:9)
  A fungus (D:1)
  8 plants
15 creatures vanquished.

Grand Total: 285 creatures vanquished

Notes
Turn   | Place    | Note
-------+----------+-------------------------------------------
     0 | D:1      | Ijustatesigmund the Gargoyle Fighter began the quest for
                  | the Orb.
     0 | D:1      | Reached XP level 1. HP: 14/14 MP: 1/1
   223 | D:1      | Reached XP level 2. HP: 19/19 MP: 2/2
   603 | D:1      | Found a faded altar of an unknown god.
   690 | D:1      | Reached XP level 3. HP: 21/24 MP: 3/3
   736 | D:1      | Reached skill level 4 in Fighting
  1260 | D:2      | Reached XP level 4. HP: 30/30 MP: 4/4
  1400 | D:2      | Noticed Jessica
  1405 | D:2      | Killed Jessica
  1558 | D:2      | Reached XP level 5. HP: 34/34 MP: 5/5
  1582 | D:2      | Reached skill level 5 in Fighting
  2013 | D:3      | Noticed Terence
  2021 | D:3      | Killed Terence
  2268 | D:3      | You fall into a shaft and drop 2 floors!
  2268 | D:5      | Entered Level 5 of the Dungeon
  2286 | D:5      | Reached XP level 6. HP: 17/40 MP: 6/6
  2439 | D:3      | Found a bloodstained altar of Trog.
  2440 | D:3      | Found an iron altar of Okawaru.
  3660 | D:5      | Identified the +8 long sword of Exoneration {venom, rN+}
  3760 | D:5      | Reached skill level 6 in Fighting
  3760 | D:5      | Reached skill level 5 in Maces & Flails
  3760 | D:5      | Reached XP level 7. HP: 31/46 MP: 7/7
  3861 | D:5      | Reached skill level 5 in Shields
  3998 | D:5      | Found a transporter.
  4006 | D:5      | Noticed Menkaure
  4016 | D:5      | Found a transporter.
  4016 | D:5      | Found an ancient bone altar of Kikubaaqudgha.
  4439 | D:5      | Found a basalt altar of Yredelemnul.
  4676 | D:6      | Noticed Maggie
  4697 | D:6      | Killed Maggie
  4698 | D:6      | Reached skill level 7 in Fighting
  4698 | D:6      | Reached skill level 1 in Evocations
  4698 | D:6      | Reached XP level 8. HP: 36/53 MP: 8/8
  4845 | D:6      | Found a sacrificial altar of Ru.
  4958 | D:6      | Found a snail-covered altar of Cheibriados.
  5064 | D:6      | Found a shimmering altar of Xom.
  5211 | D:6      | Found a shadowy altar of Dithmenos.
  6131 | D:7      | Reached skill level 8 in Fighting
  6131 | D:7      | Reached XP level 9. HP: 46/59 MP: 9/9
  6282 | D:7      | Found a staircase to the Ecumenical Temple.
  6452 | Temple   | Entered the Ecumenical Temple
  6622 | Temple   | Became a worshipper of the Shining One
  6687 | D:8      | Reached skill level 1 in Invocations
  6764 | D:8      | Found a sand-covered staircase.
  6769 | Ossuary  | Entered an ossuary
  6847 | Ossuary  | Reached * piety under the Shining One
  6898 | Ossuary  | Reached ** piety under the Shining One
  7155 | D:8      | Reached *** piety under the Shining One
  7243 | D:8      | Reached skill level 5 in Armour
  7337 | D:8      | Found Dulugor's Tremendous Tomes.
  7343 | D:8      | Reached skill level 9 in Fighting
  7686 | D:9      | Noticed Psyche
  7698 | D:9      | Killed Psyche
  7710 | D:9      | Reached XP level 10. HP: 53/66 MP: 13/13
  7790 | D:9      | Noticed an orange crystal statue
  8049 | D:9      | Killed an orange crystal statue
  8051 | D:9      | Identified the +0 hand axe of Destiny {venom, Will+}
  8136 | D:9      | Noticed Erolcha
  8144 | D:9      | Killed Erolcha
  8145 | D:9      | Reached skill level 5 in Invocations
  8304 | D:9      | Reached skill level 10 in Fighting
  8694 | D:9      | Noticed Amaemon
  8714 | D:9      | Noticed an orange demon
  8734 | D:9      | Killed Amaemon
  8741 | D:9      | Killed an orange demon
  8917 | D:9      | Noticed Grum
  8935 | D:9      | Killed Grum
  8951 | D:9      | Reached XP level 11. HP: 21/73 MP: 12/15
  9285 | D:10     | Entered Level 10 of the Dungeon
  9388 | D:10     | Found a flagged portal.
  9402 | Bailey   | Entered a bailey
  9554 | Bailey   | Reached skill level 1 in Dodging
  9750 | Bailey   | Noticed Prince Ribbit
  9750 | Bailey   | Noticed a vault guard
  9762 | Bailey   | Killed Prince Ribbit
  9766 | Bailey   | Killed a vault guard
  9767 | Bailey   | Reached skill level 11 in Fighting
  9811 | Bailey   | Noticed a vault guard
  9830 | Bailey   | Killed a vault guard
  9831 | Bailey   | Reached skill level 10 in Maces & Flails
  9956 | D:10     | Noticed a manticore
  9965 | D:10     | Killed a manticore
 10560 | D:10     | Found a staircase to the Lair.
 10689 | D:10     | Found a stormy altar of Qazlal.
 10758 | D:10     | Reached XP level 12. HP: 72/80 MP: 18/18
 11039 | D:11     | Found the amulet of Elemental Vulnerability {rPois rF--
                  | rC-- AC+8}
 11060 | D:11     | Reached **** piety under the Shining One
 11158 | D:11     | Noticed a death knight
 11260 | D:11     | HP: 2/81 [death knight/+1 vorpal halberd (21)]
 11260 | D:11     | Slain by a death knight

Illustrated notes

Levels and vault maps discovered:
D:1:      dpeg_arrival_more_subterranean_lakeside_camping, layout_basic,
          dreamdust_ecumenical_altar_grove
D:2:      minmay_angry_zag, layout_basic, uniq_jessica
D:3:      layout_basic, grunt_temple_overflow_bloody_war, moated_statue,
          uniq_terence
D:4:      layout_loops_ring, kennysheep_minor_cross
D:5:      layout_layer_cave, gammafunk_temple_of_torment, uniq_menkaure
D:6:      layout_loops_cross, mainiacjoe_overflow_alcove_2, lemuel_tele_altar,
          mainiacjoe_overflow_cross_hatched, marbit_many_paths, uniq_maggie
D:7:      layout_cave_pools, temple_hall
D:8:      layout_rooms, nicolae_ossuary_entry_false_entrances,
          nicolae_shop_i_like_big_books
D:9:      layout_basic, minmay_statue_bubble, uniq_grum, uniq_psyche,
          uniq_erolcha, uniq_amaemon
D:10:     layout_long_grid, nicolae_qazlal_eye_of_the_storm,
          david_lair_shrubbed, enter_bailey_7, minmay_ruffians
D:11:     layout_loops_corners, minmay_orc_entry_temple_small, serial_shops,
          shop, uniq_fannar
Temple:   nicolae_temple_figure_eight

Skill      XL: |  1  2  3  4  5  6  7  8  9 10 11 12 |
---------------+-------------------------------------+-----
Fighting       | 4 5 6 7 8 9 10 11 | 11.9
Maces & Flails | 3 4 5 6 7 8 9 10 | 10.7
Shields        | 4 5 |  5.4
Evocations     | 1 3 |  3.1
Armour         | 5 7 8 |  8.0
Invocations    | 4 6 8 |  8.8
Dodging        | 3 4 |  4.1

Action                   |  1- 3 |  4- 6 |  7- 9 | 10-12 || total
-------------------------+-------+-------+-------+-------++-------
Melee: Flail             |    80 |   200 |   384 |   609 ||  1273
Throw: Throwing net      |       |       |       |     3 ||     3
Invok: Divine Shield     |       |       |       |     4 ||     4
       Cleansing Flame   |       |       |       |     1 ||     1
Evoke: Wand              |       |       |     3 |     6 ||     9
  Use: Scroll            |     7 |     7 |    10 |     4 ||    28
       Potion            |     1 |       |     3 |     5 ||     9
 Stab: Distracted        |       |     1 |       |       ||     1
Armor: Scale mail        |    37 |    97 |   226 |       ||   360
       Steam dragon scal |       |       |    36 |   364 ||   400
       Troll leather arm |       |       |       |    41 ||    41
Dodge: Dodged            |    48 |    80 |   162 |   368 ||   658
Block: Buckler           |    28 |    41 |   125 |   255 ||   449

Table legend: (Time is in decaauts)
 A = Elapsed time spent in this place.
 B = Non-inter-level travel time spent in this place.
 C = Inter-level travel time spent in this place.
 D = Time resting spent in this place.
 E = Time spent auto-exploring this place.
 F = Levels seen in this place.
 G = Mean time per level.
                   A        B        C        D        E       F      G
               +--------+--------+--------+--------+--------+-----+--------+
         Total |  11323 |  10940 |    383 |   1524 |   6977 |  14 |  808.8 |
       Dungeon |  10360 |   9991 |    369 |   1434 |   6440 |  11 |  941.8 |
        Temple |    183 |    170 |     13 |      0 |    157 |   1 |  183.0 |
       Ossuary |    237 |    237 |      0 |      0 |    132 |   1 |  237.0 |
        Bailey |    541 |    541 |      0 |     90 |    248 |   1 |  541.0 |
               +--------+--------+--------+--------+--------+-----+--------+

Top non-repeatable levels by time:
     D:9: 1660 daAuts
     D:5: 1282 daAuts
    D:10: 1169 daAuts
     D:6: 1123 daAuts
     D:1: 1106 daAuts
     D:4: 855 daAuts
     D:2: 811 daAuts
     D:8: 715 daAuts
     D:7: 706 daAuts
     D:3: 687 daAuts
  Bailey: 541 daAuts
    D:11: 242 daAuts
 Ossuary: 237 daAuts
  Temple: 183 daAuts
